 Dungeon Crawl Stone Soup version 0.29-a0-322-g68df515428 (console) character file.

Game seed: 4398442745900599123

6099 Ignak the Skirmisher (level 10, -1/102 HPs)
             Began as an Ogre Warper on Apr 6, 2022.
             Was a Believer of Okawaru.
             Succumbed to a killer bee's poison
             ... on level 8 of the Dungeon.
             The game lasted 00:32:10 (14420 turns).

Ignak the Skirmisher (Ogre Warper)                 Turns: 14420, Time: 00:32:11

Health: -1/102     AC:  5    Str: 25    XL:     10   Next: 88%
Magic:  14/19      EV: 12    Int: 14    God:    Okawaru [**....]
Gold:   731        SH:  0    Dex: 17    Spells: 13/21 levels left

rFire   . . .      SeeInvis +   k - +9 mace {pain, rPois Will+ Str+4 Dex+3}
rCold   . . .      Faith    .   (no shield)
rNeg    + . .      Spirit   .   w - +2 robe {rN+}
rPois   +          Reflect  .   (helmet restricted)
rElec   .          Harm     .   (no cloak)
rCorr   .          Rampage  .   (gloves unavailable)
Will    ++...                   (boots unavailable)
Stlth   ++........              (no amulet)
HPRegen 0.27/turn               n - ring of see invisible
MPRegen 0.16/turn               m - +6 ring of dexterity

@: lethally poisoned (-1 -> -9), very slightly contaminated, slowed, very slow
A: large, unfitting armour, tough skin 1
a: Renounce Religion, Heroism


You were on level 8 of the Dungeon.
You worshipped Okawaru.
Okawaru was pleased with you.
You visited 2 branches of the dungeon, and saw 10 of its levels.
You also visited: Bailey.

You collected 1312 gold pieces.
You spent 581 gold pieces at shops.

Inventory:

Hand Weapons
 k - the +9 mace "Itucim" (weapon) {pain, rPois Will+ Str+4 Dex+3}
   (You bought it in a shop on level 1 of the Dungeon)

   In the hands of one skilled in necromantic magic, it inflicts extra damage on
   living creatures.
   Str:       It affects your strength (+4).
   Dex:       It affects your dexterity (+3).
   rPois:     It protects you from poison.
   Will:      It increases your willpower.
 r - a +4 spectral giant spiked club
Missiles
 d - 33 poisoned darts (quivered)
 e - 7 boomerangs
 t - 8 datura-tipped darts
Armour
 g - an orb of energy
 w - a +2 robe of positive energy (worn)
Magical Staves
 l - a staff of poison
Jewellery
 j - a ring of magical power
 m - a +6 ring of dexterity (right hand)
 n - a ring of see invisible (left hand)
Wands
 i - a wand of iceblast (6)
Scrolls
 a - 2 scrolls of enchant armour
 b - a scroll of noise
 c - a scroll of immolation
 h - a scroll of amnesia
 p - a scroll of teleportation
 u - a scroll of holy word
 x - a scroll of identify
Potions
 o - 5 potions of curing
 q - 3 potions of heal wounds
 s - a potion of haste
 v - 3 potions of flight
Miscellaneous
 f - a phantom mirror


   Skills:
 + Level 7.5 Fighting
 + Level 5.2 Maces & Flails
 + Level 5.3 Throwing
 + Level 5.3 Dodging
 + Level 6.1 Spellcasting
 - Level 3.0 Conjurations
 + Level 5.2 Necromancy
 + Level 5.4 Translocations
 - Level 3.1 Air Magic
 - Level 3.0 Poison Magic
 + Level 3.3 Invocations
 - Level 0.5 Evocations


You had 13 spell levels left.
You knew the following spells:

 Your Spells              Type           Power      Damage    Failure   Level
a - Teleport Other        Tloc           19%        N/A       4%          3
b - Blink                 Tloc           38%        N/A       2%          2
d - Mephitic Cloud        Conj/Pois/Air  12%        N/A       13%         3

Your spell library contained the following spells:

 Spells                   Type           Power      Damage    Failure   Level
 Gell's Gravitas          Tloc           19%        N/A       4%          3
 Lesser Beckoning         Tloc           19%        N/A       4%          3
 Portal Projectile        Hex/Tloc       22%        N/A       16%         3
 Ignite Poison            Fire/Tmut/Pois 7%         N/A       30%         3
 Manifold Assault         Tloc           19%        N/A       41%         5
 Leda's Liquefaction      Hex/Erth       2%         N/A       83%         4
 Freezing Cloud           Conj/Ice/Air   5%         6-21      88%         5
 Call Canine Familiar     Summ           Unusable   N/A       N/A         3

Dungeon Overview and Level Annotations

Branches:
Dungeon (9/15)             Temple (1/1) D:7            Lair (0/6) D:8
 Bailey (visited)
    Orc: D:9-12

Altars:
Ashenzari
Cheibriados
Dithmenos
Elyvilon
Fedhas
Gozag
Hepliaklqana
Kikubaaqudgha
Makhleb
Nemelex Xobeh
Okawaru
Qazlal
Ru
Sif Muna
Trog
Uskayaw
Vehumet
Wu Jian
Xom
Yredelemnul
Zin
The Shining One

Shops:
D:1 (   D:3 (   D:5 *!   D:7 !

Annotations:
D:8 3 runed translucent doors


Innate Abilities, Weirdness & Mutations

You are too large for most types of armour.
You have tough skin. (AC +1)


Message History

The killer bee closely misses you.
The killer bee is engulfed in noxious fumes.
The killer bee appears confused.
The wraith hits you!
* * * LOW HITPOINT WARNING * * *
The wraith drains your vigour!
You feel as though you will be slow longer.
The yak is engulfed in noxious fumes.
The yak appears confused.
The killer bee is engulfed in noxious fumes.
The killer bee closely misses you. The killer bee barely misses you. x2
The yak gores the killer bee.
The wraith hits you!
* * * LOW HITPOINT WARNING * * *
Unknown command.
Unknown command.
Casting: Mephitic Cloud (dangerous; 13% risk of failure)
Confirm with . or Enter, or press ? or * to list all spells.
You don't know that spell.
You feel very sick. The killer bee stings you!
* * * LOW HITPOINT WARNING * * *
The killer bee stings you but does no damage.
The killer bee is engulfed in noxious fumes.
The killer bee appears confused.
The killer bee completely misses the killer bee.
The killer bee stings itself.
The killer bee is engulfed in noxious fumes.
The killer bee appears confused.
The killer bee closely misses you. x2
The wraith hits you!
* * * LOW HITPOINT WARNING * * *
The wraith drains your vigour!
You feel as though you will be slow longer.
The yak closely misses you.
The yak gores itself!
The killer bee is engulfed in noxious fumes.
The killer bee appears confused.
The killer bee closely misses the killer bee.
The killer bee stings you but does no damage.
The killer bee is engulfed in noxious fumes.
The killer bee appears confused.
The killer bee closely misses you.
You climb upwards.
Level annotation: 3 runed translucent doors You die...

.........P.P..# #.# #...##.
..........P..#########.# #.####.
......[....[[.)<.).[...# #.# #.
P.......P....#########)# #.# #.
...P......รท.## #.# #.# #.
...P........# #.# #.# ##
#...P.......# #g# #)#
###.........##########.# #)#
###.##......)[.y@yW....# #.#
............############ #.#####
###.##.....## #...... #.####[###
###.### #.# #.# ####..## ###.#
#[# ##....... ....####.##
#..##.... ..........##
###...#....
...........############.....####.


You could see a wraith and 2 killer bees.

Vanquished Creatures
  A hydra (D:8)
  Maurice (D:8)
  A komodo dragon (D:8)
  2 wyverns
  Grum (D:8)
  3 water moccasins
  Duvessa (D:5)
  A sky beast (D:6)
  4 orc warriors
  An ice beast (D:6)
  An ogre (D:5)
  4 black bears
  3 wolves (D:8)
  4 centaurs
  A phantom (D:7)
  3 bullfrogs
  A necrophage (D:6)
  6 kobold brigands (Bailey)
  2 scorpions
  11 wights
  Dowan (D:5)
  2 killer bees (D:8)
  A howler monkey (D:6)
  2 jellies
  2 gnoll shamans
  A hound (D:4)
  10 orc priests
  2 iguanas (D:7)
  4 orc wizards
  7 gnolls
  6 adders
  A shadow imp (D:6)
  2 white imps
  3 ufetubi
  A worm (D:4)
  2 dart slugs
  27 orcs
  5 ball pythons
  4 endoplasms
  7 giant cockroaches
  7 hobgoblins
  5 jackals
  6 quokkas
  4 bats
  2 frilled lizards (D:2)
  14 goblins
  14 kobolds
  3 rats
197 creatures vanquished.

Vanquished Creatures (others)
  43 fungi (D:8)
  68 plants (D:8)
111 creatures vanquished.

Grand Total: 308 creatures vanquished

Notes
Turn   | Place    | Note
-------+----------+-------------------------------------------
     0 | D:1      | Ignak the Ogre Warper began the quest for the Orb.
     0 | D:1      | Reached XP level 1. HP: 22/22 MP: 3/3
   309 | D:1      | Reached XP level 2. HP: 20/29 MP: 5/5
   674 | D:1      | Found Udemepn's Antique Weapon Shop.
   690 | D:1      | Reached skill level 3 in Fighting
   983 | D:1      | Reached XP level 3. HP: 32/37 MP: 7/7
   986 | D:1      | Learned a level 2 spell: Blink
   990 | D:1      | Learned a level 3 spell: Teleport Other
  1040 | D:1      | Found a faded altar of an unknown god.
  1778 | D:2      | Reached XP level 4. HP: 23/45 MP: 8/8
  2973 | D:1      | Bought a scorched mace for 176 gold pieces
  2973 | D:1      | Identified the +9 mace "Itucim" {pain, rPois Will+ Str+4
                  | Dex+3} (You bought it in a shop on level 1 of the Dungeon)
  3104 | D:3      | Reached XP level 5. HP: 18/53 MP: 9/9
  3105 | D:3      | Reached skill level 1 in Necromancy
  3770 | D:3      | Found Vumir's Weapon Emporium.
  4138 | D:4      | Reached XP level 6. HP: 61/62 MP: 10/10
  4239 | D:4      | Reached skill level 4 in Fighting
  4909 | D:5      | Entered Level 5 of the Dungeon
  4970 | D:5      | Noticed Duvessa
  4971 | D:5      | Noticed Dowan
  4979 | D:5      | Killed Duvessa
  4980 | D:5      | Reached XP level 7. HP: 33/70 MP: 12/12
  5158 | D:5      | Found Diucsesu's Distillery.
  5173 | D:5      | Bought a potion of curing for 30 gold pieces
  5345 | D:5      | Found Okkecs's General Store.
  5360 | D:5      | Bought a scroll of fear for 49 gold pieces
  5994 | D:5      | Killed Dowan
  6301 | D:6      | Identified the +0 helmet "Jod Xici" {Str+5 Int-3 Stlth+}
  6324 | D:6      | Reached XP level 8. HP: 48/79 MP: 14/14
  6666 | D:6      | Learned a level 3 spell: Mephitic Cloud
  6831 | D:6      | Reached skill level 5 in Fighting
  6842 | D:6      | Identified the +2 quarterstaff of Blue Conscience {drain,
                  | rN+ Int+5}
  6851 | D:6      | Reached skill level 1 in Air Magic
  6913 | D:6      | Reached skill level 1 in Conjurations
  6913 | D:6      | Reached skill level 1 in Poison Magic
  7060 | D:7      | Found Unteroty's Distillery.
  7068 | D:7      | Bought 2 potions of heal wounds for 130 gold pieces
  7134 | D:7      | Found a flagged portal.
  7179 | Bailey   | Entered a bailey
  7538 | Bailey   | Reached XP level 9. HP: 54/88 MP: 1/16
  8059 | Bailey   | Found a burning altar of Makhleb.
  8236 | D:7      | Identified a scroll of acquirement
  8361 | D:7      | Acquired 803 gold pieces
  8383 | D:7      | Found a staircase to the Ecumenical Temple.
  8569 | Temple   | Entered the Ecumenical Temple
  8744 | Temple   | Became a worshipper of Warmaster Okawaru
  8975 | D:7      | Found a glowing golden altar of the Shining One.
  9468 | D:8      | Noticed a komodo dragon
  9490 | D:8      | Reached skill level 5 in Spellcasting
  9494 | D:8      | Reached skill level 6 in Fighting
  9892 | D:7      | Reached skill level 1 in Invocations
 10111 | D:8      | Reached * piety under Okawaru
 10112 | D:8      | Reached XP level 10. HP: 76/100 MP: 17/17
 10220 | D:8      | Found a staircase to the Lair.
 11196 | D:8      | Reached skill level 5 in Translocations
 11532 | D:8      | Found a runed translucent gate.
 11532 | D:8      | Found a runed translucent gate.
 11532 | D:8      | Found a runed translucent gate.
 12259 | D:8      | Noticed a green ugly thing
 12259 | D:8      | Noticed a brown ugly thing
 12259 | D:8      | Noticed a purple ugly thing
 12260 | D:8      | Noticed a white ugly thing
 12394 | D:8      | Noticed Grum
 12407 | D:8      | Killed Grum
 12408 | D:8      | Reached skill level 5 in Dodging
 12411 | D:8      | Reached skill level 7 in Fighting
 12424 | D:8      | Reached skill level 5 in Throwing
 13223 | D:9      | Noticed Maurice
 13236 | D:8      | Reached ** piety under Okawaru
 13237 | D:8      | Reached skill level 5 in Necromancy
 13401 | D:9      | Noticed a four-headed hydra
 13418 | D:8      | Killed Maurice
 13419 | D:8      | Reached skill level 5 in Maces & Flails
 14134 | D:5      | Bought a wand of iceblast (10) for 196 gold pieces
 14180 | D:8      | Killed a four-headed hydra
 14419 | D:9      | HP: 2/102 [wraith (9)]
 14420 | D:8      | Succumbed to a killer bee's poison

Illustrated notes

Levels and vault maps discovered:
D:1:      sevenhm_arrival_forest_fort_small_6, layout_loops_corners,
          ebering_ecumenical_altar_box, serial_shops, nicolae_shop_behind_doors,
          minmay_worlds_worst_comb
D:2:      layout_loops_ring
D:3:      layout_loops_ring, serial_shops, nicolae_shop_bloodbath_and_beyond
D:4:      layout_basic
D:5:      layout_loops_ring, serial_shops, nicolae_square_shop,
          nicolae_stop_n_shop_2, solitary_fountain, sigmund_army, uniq_duvessa
D:6:      layout_rooms
D:7:      layout_rooms, tso_metal_star, minmay_temple_entry_fiery,
          enter_bailey_3, serial_shops, nicolae_shop_advertising_works
          [nicolae_subvault_shop_adworks]
D:8:      layout_loops_ring, due_lair_maze_entry_diamond,
          ploomutoo_gammafunk_ghost_potion_laboratory, serial_bayou_pond_c,
          minmay_misc_feat_square, uniq_grum
D:9:      layout_rooms, minmay_between, uniq_maurice
Temple:   nicolae_temple_the_god_donut

Skill      XL: |  1  2  3  4  5  6  7  8  9 10 |
---------------+-------------------------------+-----
Maces & Flails | 2 3 4 5 |  5.2
Fighting       | 3 4 5 6 7 |  7.5
Translocations | 3 4 5 |  5.4
Spellcasting   | 3 4 5 6 |  6.1
Throwing       | 2 3 4 5 |  5.3
Necromancy     | 1 2 3 4 5 |  5.2
Dodging        | 3 4 5 |  5.3
Air Magic      | 2 3 |  3.1
Conjurations   | 2 3 |  3.0
Poison Magic   | 2 3 |  3.0
Invocations    | 1 3 |  3.3
Evocations     | |  0.5

Action                   |  1- 3 |  4- 6 |  7- 9 | 10-12 || total
-------------------------+-------+-------+-------+-------++-------
Melee: Mace              |    66 |    89 |   212 |   134 ||   501
       Dagger            |    49 |    65 |       |       ||   114
       Short sword       |     3 |       |       |       ||     3
       Punch             |     1 |       |     2 |     5 ||     8
Throw: Dart              |    15 |     3 |    38 |       ||    56
       Boomerang         |     3 |       |     2 |       ||     5
 Cast: Blink             |     2 |       |     5 |     9 ||    16
       Teleport Other    |       |       |     8 |     3 ||    11
       Mephitic Cloud    |       |       |     8 |     9 ||    17
Invok: Heroism           |       |       |       |     3 ||     3
Evoke: Wand              |       |       |       |     4 ||     4
  Use: Potion            |       |     6 |     9 |     1 ||    16
       Scroll            |       |     3 |    15 |     4 ||    22
 Stab: Sleeping          |       |     2 |     1 |       ||     3
       Confused          |       |       |     1 |     2 ||     3
Armor: Robe              |    46 |    47 |    57 |    27 ||   177
       Skin              |       |       |     8 |       ||     8
Dodge: Dodged            |    78 |    94 |   160 |   119 ||   451

Table legend: (Time is in decaauts)
 A = Elapsed time spent in this place.
 B = Non-inter-level travel time spent in this place.
 C = Inter-level travel time spent in this place.
 D = Time resting spent in this place.
 E = Time spent auto-exploring this place.
 F = Levels seen in this place.
 G = Mean time per level.
                   A        B        C        D        E       F      G
               +--------+--------+--------+--------+--------+-----+--------+
         Total |  14536 |  14087 |    449 |   5157 |   5704 |  11 | 1321.5 |
       Dungeon |  13154 |  12721 |    433 |   4634 |   5465 |   9 | 1461.6 |
        Temple |    355 |    340 |     15 |      0 |    165 |   1 |  355.0 |
        Bailey |   1026 |   1026 |      0 |    523 |     74 |   1 | 1026.0 |
               +--------+--------+--------+--------+--------+-----+--------+

Top non-repeatable levels by time:
     D:7: 3492 daAuts
     D:8: 2512 daAuts
     D:1: 1718 daAuts
     D:2: 1254 daAuts
     D:3: 1176 daAuts
     D:4: 1084 daAuts
     D:5: 1066 daAuts
  Bailey: 1026 daAuts
     D:6: 814 daAuts
  Temple: 355 daAuts
     D:9: 35 daAuts
